 Dungeon Crawl Stone Soup version 0.28.0 (webtiles) character file.

Game seed: 2006223082958294539

105 GrayStillPlays the Ducker (level 4, 45/45 HPs)
             Began as a Troll Fighter on Feb 17, 2022.
             Quit the game on level 2 of the Dungeon.
             The game lasted 00:01:57 (1646 turns).

GrayStillPlays the Ducker (Troll Fighter)           Turns: 1646, Time: 00:01:57

Health: 45/45      AC:  5    Str: 26    XL:     4   Next: 53%
Magic:  3/3        EV:  8    Int:  4    God:
Gold:   88         SH:  7    Dex:  9    Spells: 3/3 levels left

rFire   . . .      SeeInvis .     - Unarmed
rCold   . . .      Faith    .   b - +0 kite shield
rNeg    . . .      Spirit   .   a - +0 robe
rPois   .          Reflect  .   (helmet restricted)
rElec   .          Harm     .   i - +0 cloak
rCorr   .          Rampage  .   (gloves unavailable)
Will    .....                   (boots unavailable)
Stlth   +.........              (no amulet)
HPRegen 0.95/turn               (no ring)
MPRegen 0.08/turn               (no ring)

@: no status effects
A: large, unfitting armour, claws 3, regeneration 1, shaggy fur 1, tough skin 1
a: no special abilities


You were on level 2 of the Dungeon.
You visited 1 branch of the dungeon, and saw 2 of its levels.

You collected 88 gold pieces.


Innate Abilities, Weirdness & Mutations

You are too large for most types of armour.
You have claws for hands.
Your natural rate of healing is unusually fast.
You are covered in fur. (AC +1)
You have tough skin. (AC +1)


   Skills:
 + Level 3.0 Fighting
 + Level 3.0 Dodging
 + Level 3.0 Shields
 - Level 2.9 Unarmed Combat


You had 3 spell levels left.
You didn't know any spells.
Your spell library contained the following spells:

 Spells                   Type           Power      Damage    Failure   Level
 Foxfire                  Conj/Fire      0%         2x1d4     80%         1
 Conjure Flame            Conj/Fire      0%         6-21      99%         3
 Inner Flame              Hex/Fire       0%         N/A       99%         3
 Flame Wave               Conj/Fire      0%         2d4       100%        4

Inventory:

Hand Weapons
 d - a +0 club {mace}
   (You took it off a goblin on level 1 of the Dungeon)
 f - a +0 dagger {short}
   (You found it on level 1 of the Dungeon)
 h - a +0 dagger {short}
   (You found it on level 1 of the Dungeon)
 l - a +0 falchion {long}
   (You found it on level 1 of the Dungeon)
 n - a +0 short sword {short}
   (You took it off Terence on level 2 of the Dungeon)
 p - the +1 short sword "Siano" {elec, *Rage rPois rN+ Will++ rCorr, short}
   (You found it on level 2 of the Dungeon)

   It occasionally discharges a powerful burst of electricity upon striking a
   foe.
   rPois:     It protects you from poison.
   rN:        It protects you from negative energy.
   *Rage:     It berserks you when you make melee attacks (+20% chance).
   rCorr:     It protects you from acid and corrosion.
   Will:      It greatly increases your willpower.
 r - a +0 dagger {short}
   (You took it off Jessica on level 2 of the Dungeon)
 s - a +0 hunting sling {sling}
   (You found it on level 2 of the Dungeon)
Missiles
 e - 38 arrows
 g - 122 stones (quivered) {throwing}
 m - 2 boomerangs {throwing}
Armour
 a - a +0 robe (worn)
 b - a +0 kite shield (worn)
 i - a +0 cloak (worn)
   (You found it on level 1 of the Dungeon)
Scrolls
 k - a scroll of immolation {unknown}
 q - a scroll of enchant armour {unknown}
Potions
 c - a potion of might
 j - 4 potions of lignification {unknown}
 o - 2 potions of brilliance {unknown}
 t - a potion of berserk rage {unknown}

Dungeon Overview and Level Annotations

Branches:
Dungeon (2/15)

Altars:

Shops:
D:1

* ##.## ##.....## ###
#.# #.# ##...## #.# #.#
##'## #######.# #.# #.#
#.......# #.# #.#
#.####### #.#
##.#######.# #.#
###..........# ##.##
##......###...#
#...#####....@...##...#
#..........#..##......#
#...#####.#..[#####..##
##### ##.#..#####..#
###.........#
##.######## #.# #.# #.#


There were no monsters in sight!


Message History

Your mp is fully restored (3).
You claw the frilled lizard!
You kill the frilled lizard!
No target in view!
No target in view!
No target in view!
No target in view!
No target in view!
You see here an adder corpse.
A bullfrog skeleton comes into view.
A bullfrog skeleton is nearby!
A bullfrog skeleton is nearby!
A bullfrog skeleton is nearby!
A bullfrog skeleton is nearby!
The bullfrog skeleton hits you. 😕 HP[-1]
You take 1 damage, and now have 43/44 hp.
You barely miss the bullfrog skeleton.
The bullfrog skeleton barely misses you.
The bullfrog skeleton closely misses you. 😎 HP[+1]
Your hp is fully restored (44).
You scratch the bullfrog skeleton.
The bullfrog skeleton hits you. 😕 HP[-4]
You take 4 damage, and now have 40/44 hp.
You claw the bullfrog skeleton!
The bullfrog skeleton barely misses you. 😕 HP[+1]
You claw the bullfrog skeleton!
The bullfrog skeleton hits you. x2 😕 HP[-3]
You take 3 damage, and now have 38/44 hp.
You claw the bullfrog skeleton!
You destroy the bullfrog skeleton!
Your Fighting skill increases to level 3!
Your Dodging skill increases to level 3!
Your Shields skill increases to level 3! 😕 HP[+2]
You now have 45 max hp (+1).
You regained 2 hp, and now have 40/45 hp.
j - 4 murky yellow potions (gained 1) Key pressed, stopping explore.
Key pressed, stopping explore.
A frilled lizard comes into view.
The frilled lizard hisses angrily. 😎 HP[+5]
Your hp is fully restored (45).
A frilled lizard is nearby!
A frilled lizard is nearby!
A frilled lizard is nearby!
Sorry, you're not good enough to have a special ability.
A frilled lizard is nearby!
A frilled lizard is nearby!
A frilled lizard is nearby!
You claw the frilled lizard!
You kill the frilled lizard!
No target in view!
No target in view!
No target in view!
You see here a frilled lizard corpse.
Key pressed, stopping explore.
t - a murky inky potion Key pressed, stopping explore.
There is an open door here.
You see here an adder corpse.
Key pressed, stopping explore.
You see here an adder corpse.
There is an open door here.
Key pressed, stopping explore.
You open the door.
There is an open door here.
Key pressed, stopping explore.
Key pressed, stopping explore.
Key pressed, stopping explore.
Key pressed, stopping explore.
You open the door.
There is an open door here.
You see here a +1 ring mail of fire resistance.
Key pressed, stopping explore.
Key pressed, stopping explore.
Key pressed, stopping explore.
There is a stone staircase leading up here.
Key pressed, stopping explore.
Key pressed, stopping explore.
Key pressed, stopping explore.
As you open the door, it creaks loudly!
There is an open door here.
There is an open door here.
Key pressed, stopping explore.
There is an open door here.
There is a faded altar of an unknown god here.
Done exploring.
Done exploring.
Done exploring.
Done exploring.
Done exploring.
No target in view!
No target in view!
There is an open door here.
Autopickup is now off.
Are you sure you want to abandon this character and quit the game? (Confirm with "yes".)

Skill      XL: |  1  2  3  4 |
---------------+-------------+-----
Fighting       | 3 |  3.0
Dodging        | 3 |  3.0
Shields        | 3 |  3.0
Unarmed Combat | |  2.9

Action                   |  1- 3 |  4- 6 || total
-------------------------+-------+-------++-------
Melee: Unarmed           |    53 |     7 ||    60
 Stab: Sleeping          |     1 |       ||     1
Armor: Robe              |    20 |       ||    20
Dodge: Dodged            |    19 |     3 ||    22
Block: Kite shield       |    13 |       ||    13

Levels and vault maps discovered:
D:1:      minmay_arrival_open_corners, layout_loops_ring, serial_shops,
          nicolae_shop_behind_doors, minmay_domino_4
D:2:      layout_loops_corners, shapermc_ecumenical_altar_flowoftime,
          uniq_jessica, uniq_terence

Notes
Turn   | Place    | Note
-------+----------+-------------------------------------------
     0 | D:1      | GrayStillPlays the Troll Fighter began the quest for the
                  | Orb.
     0 | D:1      | Reached XP level 1. HP: 22/22 MP: 0/0
     0 | D:1      | magus.rc [v1.9.6]
   143 | D:1      | Reached XP level 2. HP: 28/29 MP: 1/1
   292 | D:1      | You pick up a book of Flames and begin reading...
   292 | D:1      | You add the spells Foxfire, Conjure Flame, Inner Flame and
                  | Flame Wave to your library.
   533 | D:1      | Found Toshahu's Assorted Antiques.
   726 | D:2      | Noticed Terence
   737 | D:2      | Killed Terence
   738 | D:2      | Reached XP level 3. HP: 27/36 MP: 2/2
   752 | D:2      | Identified the +1 short sword "Siano" {elec, *Rage rPois
                  | rN+ Will++ rCorr}
   927 | D:2      | Noticed Jessica
   938 | D:2      | Killed Jessica
  1136 | D:2      | Found a faded altar of an unknown god.
  1203 | D:2      | Reached XP level 4. HP: 44/44 MP: 3/3
  1223 | D:2      | Reached skill level 3 in Fighting
  1223 | D:2      | Reached skill level 3 in Dodging
  1223 | D:2      | Reached skill level 3 in Shields
  1646 | D:2      | Quit the game

Vanquished Creatures
  A bullfrog skeleton (D:2)
  Jessica (D:2)
  Terence (D:2)
  An adder (D:2)
  3 bats
  4 endoplasms
  A goblin (D:1)
  3 hobgoblins (D:1)
  2 ball pythons
  2 frilled lizards (D:2)
  2 rats
21 creatures vanquished.

Table legend:
 A = Non-vault XP
 B = Vault XP
 C = Vault XP percentage of total XP
 D = Non-vault monster count
 E = Vault monster count
 F = Vault count percentage of total count
                 A         B        C        D         E       F
            +---------+---------+-------+---------+---------+-------
      Total |      73 |      77 |  51.3 |      15 |       6 |  28.6
            +---------+---------+-------+---------+---------+-------
        D:1 |      12 |       8 |  40.0 |       7 |       4 |  36.4
        D:2 |      61 |      69 |  53.1 |       8 |       2 |  20.0
            +---------+---------+-------+---------+---------+-------

Illustrated notes

Table legend:
 A = Kills in this place as a percentage of kills in entire the game.
 B = Kills by you in this place as a percentage of kills by you in the entire game.
 C = Kills by friends in this place as a percentage of kills by friends in the entire game.
 D = Other kills in this place as a percentage of other kills in the entire game.
 E = Experience gained in this place as a percentage of experience gained in the entire game.
 F = Experience gained in this place divided by the number of levels of this place that you have seen.
                   A       B       C       D       E      F
               +-------+-------+-------+-------+-------+----------------------
         Total | 100.0 | 100.0 |   N/A |   N/A | 100.0 |  75.0
       Dungeon | 100.0 | 100.0 |   N/A |   N/A | 100.0 |  75.0
               +-------+-------+-------+-------+-------+----------------------

Table legend: (Time is in decaauts)
 A = Elapsed time spent in this place.
 B = Non-inter-level travel time spent in this place.
 C = Inter-level travel time spent in this place.
 D = Time resting spent in this place.
 E = Time spent auto-exploring this place.
 F = Levels seen in this place.
 G = Mean time per level.
                   A        B        C        D        E       F      G
               +--------+--------+--------+--------+--------+-----+--------+
         Total |   1650 |   1567 |     83 |      0 |   1421 |   2 |  825.0 |
       Dungeon |   1650 |   1567 |     83 |      0 |   1421 |   2 |  825.0 |
               +--------+--------+--------+--------+--------+-----+--------+

Top non-repeatable levels by time:
     D:2: 1031 daAuts
     D:1: 619 daAuts
